Match 40708921
Unlisted

Match 40708921
End
Kradschützen Motorcycle Team
Selects Panzerjäger Kommand Battlegroup
Selects Mine Fields
Panzergrenadier Squad
Panzergrenadier Squad
Construct Light Support Kompanie
MG34 Team
Fire Support Elements
Panzerjäger Squad
Selects Tank Busters
Flakvierling Half-track
Panzerjäger Squad
le.IG 18 Mechanized Group
Construct Panzerarmee Kommand
Assault Grenadier Squad
Selects Crew Shock Tactics
Armored Reserves
Panzer IV Assault Group
Selects Elefant Tank Destroyer
Panzerjäger Squad
Assault Grenadier Squad
Pak 38 Anti-tank Gun Team
Panzer III L Medium Tank
Panzer III L Medium Tank
Tungsten Core Ammunition
Rapid Advance
Assault Grenadier Squad
Assault Grenadier Squad
Selects Defensive Positions
Selects Butterfly Bomb Drop
Butterfly Bomb Drop
Butterfly Bomb Drop
Tiger Heavy Tank
Advanced Optics
Flak 36 Anti-tank Gun Team
Butterfly Bomb Drop
Pak 38 Anti-tank Gun Team
Panzer III L Medium Tank
Butterfly Bomb Drop
Panzerjäger Squad
Panzerjäger Squad
Panzerjäger Squad
wolfgang427︻气デ 一
Jonny Rook
lplp4943718
Pedro.
BBttdjy
Spikedein
Dimon
狼哥
0
0

Comments sign in to comment!

No comments posted yet!